 Dungeon Crawl Stone Soup version 0.30.1 (webtiles) character file.

Game seed: 5517417016338114516

124 Sanktem7 the Covered (level 4, -16/41 HPs)
             Began as a Minotaur Fighter on July 7, 2023.
             Demolished by an ogre
             ... wielding a +0 giant spiked club
              (25 damage)
             ... on level 2 of the Dungeon.
             The game lasted 00:01:17 (875 turns).

Sanktem7 the Covered (Minotaur Fighter)              Turns: 875, Time: 00:01:18

Health: -16/41     AC:  7    Str: 23    XL:     4   Next: 81%
Magic:  3/3        EV:  9    Int:  5    God:
Gold:   116        SH:  4    Dex:  9    Spells: 3/3 levels left

rFire   . . .        a - +0 war axe {axe}
rCold   . . .        c - +0 buckler
rNeg    . . .        b - +0 scale mail
rPois   .            (helmet restricted)
rElec   .            (no cloak)
rCorr   .            (no gloves)
SInv    .            (no boots)
Will    .....        (no amulet) Stlth
                     (no ring)
HPRegen 0.26/turn    (no ring)
MPRegen 0.08/turn

%: no passive effects
@: no status effects
A: horns 2, retaliatory headbutt
a: no special abilities


You were on level 2 of the Dungeon.
You visited 1 branch of the dungeon, and saw 2 of its levels.

You collected 116 gold pieces.


Innate Abilities, Weirdness & Mutations

You have a pair of horns on your head.
You reflexively headbutt those who attack you in melee.


   Skills:
 + Level 4.4 Fighting
 * Level 4.3 Axes
 + Level 4.4 Armour
 + Level 4.4 Shields


You had 3 spell levels left.
You didn't know any spells.
Your spell library was empty.

Inventory:

Hand Weapons
 a - a +0 war axe (weapon) {axe}
Missiles
 i - 12 stones (quivered) {throwing}
Armour
 b - a +0 scale mail (worn)
 c - a +0 buckler (worn)
Scrolls
 e - 2 scrolls of teleportation {unknown}
 g - a scroll of immolation {unknown}
 j - a scroll of magic mapping {unknown}
 k - a scroll of identify {unknown}
 l - a scroll of enchant weapon {unknown}
Potions
 d - a potion of might
 f - a potion of curing {unknown}
 h - a potion of ambrosia {unknown}
 m - a potion of degeneration {unknown}

Dungeon Overview and Level Annotations

Branches:
Dungeon (2/15) Zot: 11091

Altars:

#.#
###.##.######...<..#.
#.#
#..........##........
#.#
##...†...........#..
#.#
#....)..............
#.#
#..#####.......#.##
#.#
#..##.........#..#
#.#
#..#..#....##...##
##.###
#...........<..##
#....#
#.###@....#....#
#....###.#
#.O...##...#
#....##..#
#.....#......
#.......##
#.....#..###.#
#....#### #.......##
... #....# ######.##
... #....# #.# ...
#....# # ######


You could see an ogre.


Message History

You take 1 damage, and now have 31/40 hp.
You closely miss the hobgoblin. The hobgoblin barely misses you.
You closely miss the hobgoblin.
The hobgoblin hits you but does no damage.
The hobgoblin closely misses you.
You slash the hobgoblin!
You kill the hobgoblin! 😕 HP[+1] No target in view!
No target in view!
No target in view!
There is a stone staircase leading down here.
Key pressed, stopping explore.
l - a scroll labelled OPABLU WEOLAEF 😎 HP[+8]
Your hp is fully restored (40).
m - a white potion A hound comes into view.
The hound barks!
A hound is nearby!
A hound is nearby!
A hound is nearby!
A ball python comes into view.
The ball python hisses angrily.
You hit the hound but do no damage.
The hound bites you but does no damage. x2
A ball python comes into view.
The ball python hisses angrily.
You slash the hound! The hound barely misses you.
A rat comes into view.
The hound bites you. 😕 HP[-2]
You take 2 damage, and now have 38/40 hp.
You hit the hound but do no damage. The hound bites you but does no damage.
The hound closely misses you. 😕 HP[+1]
You closely miss the hound. The hound bites you.
The hound stops to sniff the ground.
The hound bites you but does no damage. 😕 HP[-1]
You take 1 damage, and now have 38/40 hp.
You barely miss the hound. The hound barely misses you.
You block the hound's attack.
You hit the hound.
You kill the hound! 😕 HP[+2]
You now have 41 max hp (+1).
You regained 2 hp, and now have 40/41 hp.
You barely miss the ball python. You headbutt the ball python.
You kill the ball python!
The ball python bites you. The ball python grabs you.
The ball python constricts you. 😕 HP[-2]
You take 2 damage, and now have 38/41 hp.
You slash the ball python!
You kill the ball python!
The rat bites you but does no damage.
You closely miss the rat.
The rat bites you but does no damage. 😕 HP[+1]
You hit the rat.
You kill the rat!
No target in view!
No target in view!
No target in view!
No target in view!
Things that are here:
a rat corpse; a ball python corpse; a hound corpse
Found a faded altar of an unknown god. 😎 HP[+2]
Your hp is fully restored (41).
e - 2 scrolls labelled TOYP COQUEQAWK (gained 1)
Found a stone staircase leading down.
A bat comes into view.
A bat is nearby!
A bat is nearby!
The bat barely misses you. You furiously retaliate!
You headbutt the bat!
You kill the bat!
No target in view!
No target in view!
No target in view!
No target in view!
No target in view!
An ogre comes into view. It is wielding a +0 giant spiked club.
The ogre shouts!
An ogre is nearby!
An ogre is nearby!
You slash the ogre! Your headbutt misses the ogre. You block the ogre's attack.
You barely miss the ogre. You headbutt the ogre! The ogre closely misses you.
You barely miss the ogre. The ogre closely misses you.
You hit the ogre.
The ogre hits you with a +0 giant spiked club!!
Ouch! That really hurt!
* * * LOW HITPOINT WARNING * * *
😱 HP[-32]
You take 32 damage, and now have 9/41 hp.
MASSIVE DAMAGE!! (PAUSE)
You barely miss the ogre.
The ogre hits you with a +0 giant spiked club!!
Ouch! That really hurt!
You die...

Skill      XL: |  1  2  3  4 |
---------------+-------------+-----
Axes           | 3 4 |  4.3
Armour         | 4 |  4.4
Fighting       | 4 |  4.4
Shields        | 4 |  4.4

Action                     |  1- 3 |  4- 6 || total
---------------------------+-------+-------++-------
  Melee: War axe           |    65 |    25 ||    90
         Headbutt          |    11 |     4 ||    15
 Armour: Scale mail        |    37 |     9 ||    46
  Dodge: Dodged            |    36 |     9 ||    45
  Block: Buckler           |    11 |     3 ||    14

Levels and vault maps discovered:
D:1:      dpeg_arrival_caged_fury, layout_basic
D:2:      minmay_chambers_of_ones, layout_rooms, ebering_ecumenical_altar_rust,
          uniq_jessica

Notes
Turn   | Place    | Note
-------+----------+-------------------------------------------
     0 | D:1      | Sanktem7 the Minotaur Fighter began the quest for the Orb.
     0 | D:1      | Reached XP level 1. HP: 19/19 MP: 0/0
     0 | D:1      | magus.rc [v1.9.6]
     1 | D:1      | Found a runed translucent door.
   119 | D:1      | Reached XP level 2. HP: 27/27 MP: 1/1
   145 | D:1      | Reached skill level 3 in Axes
   608 | D:1      | Reached skill level 4 in Armour
   610 | D:1      | Reached XP level 3. HP: 29/33 MP: 2/2
   614 | D:1      | Reached skill level 4 in Fighting
   614 | D:1      | Reached skill level 4 in Shields
   709 | D:2      | Noticed Jessica
   711 | D:2      | Killed Jessica
   712 | D:2      | Reached XP level 4. HP: 33/40 MP: 3/3
   718 | D:2      | Reached skill level 4 in Axes
   812 | D:2      | Found a faded altar of an unknown god.
   868 | D:2      | Noticed an ogre
   874 | D:2      | HP: 9/41 [ogre/+0 giant spiked club (32)]
   875 | D:2      | Demolished by an ogre

Vanquished Creatures
  A hound (D:2)
  Jessica (D:2)
  4 worms
  2 dart slugs (D:1)
  5 ball pythons
  5 endoplasms (D:1)
  8 giant cockroaches (D:1)
  2 goblins
  3 hobgoblins
  A jackal (D:1)
  4 kobolds
  A quokka (D:2)
  5 bats
  2 frilled lizards
  5 rats
49 creatures vanquished.

Table legend:
 A = Non-vault XP
 B = Vault XP
 C = Vault XP percentage of total XP
 D = Non-vault monster count
 E = Vault monster count
 F = Vault count percentage of total count
                 A         B        C        D         E       F
            +---------+---------+-------+---------+---------+-------
      Total |     101 |      77 |  43.3 |      29 |      20 |  40.8
            +---------+---------+-------+---------+---------+-------
        D:1 |      32 |      40 |  55.6 |      17 |      19 |  52.8
        D:2 |      69 |      37 |  34.9 |      12 |       1 |   7.7
            +---------+---------+-------+---------+---------+-------

Skill      XL: |  1  2  3  4 |
---------------+-------------+-----
Axes           | 3 4 |  4.3
Armour         | 4 |  4.4
Fighting       | 4 |  4.4
Shields        | 4 |  4.4

Action                     |  1- 3 |  4- 6 || total
---------------------------+-------+-------++-------
  Melee: War axe           |    65 |    25 ||    90
         Headbutt          |    11 |     4 ||    15
 Armour: Scale mail        |    37 |     9 ||    46
  Dodge: Dodged            |    36 |     9 ||    45
  Block: Buckler           |    11 |     3 ||    14

Illustrated notes

Table legend:
 A = Kills in this place as a percentage of kills in the entire game.
 B = Kills by you in this place as a percentage of kills by you in the entire game.
 C = Kills by friends in this place as a percentage of kills by friends in the entire game.
 D = Other kills in this place as a percentage of other kills in the entire game.
 E = Experience gained in this place as a percentage of experience gained in the entire game.
 F = Experience gained in this place divided by the number of levels of this place that you have seen.
                   A       B       C       D       E      F
               +-------+-------+-------+-------+-------+----------------------
         Total | 100.0 | 100.0 |   N/A |   N/A | 100.0 |  89.0
       Dungeon | 100.0 | 100.0 |   N/A |   N/A | 100.0 |  89.0
               +-------+-------+-------+-------+-------+----------------------

Table legend: (Time is in decaauts)
 A = Elapsed time spent in this place.
 B = Non-inter-level travel time spent in this place.
 C = Inter-level travel time spent in this place.
 D = Time resting spent in this place.
 E = Time spent auto-exploring this place.
 F = Levels seen in this place.
 G = Mean time per level.
                   A        B        C        D        E       F      G
               +--------+--------+--------+--------+--------+-----+--------+
         Total |    907 |    901 |      6 |      0 |    695 |   2 |  453.5 |
       Dungeon |    907 |    901 |      6 |      0 |    695 |   2 |  453.5 |
               +--------+--------+--------+--------+--------+-----+--------+

Top non-repeatable levels by time:
     D:1: 698 daAuts
     D:2: 208 daAuts
